 Dungeon Crawl Stone Soup version 0.29-a0-330-g52719c12eb (webtiles) character file.

Game seed: 12581873114812156257

2768 Aelig the Cleaver (level 9, -2/65 HPs)
             Began as a Mummy Fighter on May 16, 2022.
             Was a Follower of Ashenzari.
             Killed from afar by a steam dragon (27 damage)
             ... with a ball of steam
             ... on level 7 of the Dungeon.
             The game lasted 00:20:48 (9903 turns).

Aelig the Cleaver (Mummy Fighter)                   Turns: 9903, Time: 00:20:48

Health: -2/65      AC: 18    Str: 29    XL:     9   Next: 42%
Magic:  9/9        EV:  7    Int:  8    God:    Ashenzari [*.....]
Gold:   947        SH:  4    Dex: 11    Spells: 8/8 levels left

rFire   x . .      SeeInvis .   a - +0 war axe
rCold   + + .      Faith    .   c - +0 buckler
rNeg    + + +      Spirit   .   y - +0 plate armour
rPois   ∞          Reflect  .   k - +0 helmet
rElec   .          Harm     .   r - +2 cloak {rPois}
rCorr   .          Rampage  .   s - +0 pair of gloves
Will    +....                   d - +1 pair of boots "Suheton" {rC+}
Stlth   ..........              (no amulet)
HPRegen 0.20/turn               n - ring of the Wild Blue Yonder {Str+6, Self, Evo} (curse)
MPRegen 0.11/turn               v - ring of Ashenzari's Blue Moon {Wiz, Evo, Comp} (curse)

@: no status effects
A: cold resistance 1, negative energy resistance 3, torment resistance 2, heat
vulnerability 1, in touch with death 1, no potions
a: Renounce Religion, Shatter the Chains


You were on level 7 of the Dungeon.
You worshipped Ashenzari.
Ashenzari was aware of your devotion.
You visited 2 branches of the dungeon, and saw 8 of its levels.
You also visited: Ossuary.

You collected 1199 gold pieces.
You spent 252 gold pieces at shops.

Inventory:

Hand Weapons
 a - a +0 war axe (weapon)
Missiles
 h - 239 stones (quivered)
 m - 2 javelins
Armour
 c - a +0 buckler (worn)
 d - the +1 pair of boots "Suheton" (worn) {rC+}
   (You acquired it on level 4 of the Dungeon)

   rC:        It protects you from cold.
 k - a +0 helmet (worn)
 l - a +0 helmet
 r - a +2 cloak of poison resistance (worn)
 s - a +0 pair of gloves (worn)
 y - a +0 plate armour (worn)
 A - a +0 pair of boots
Jewellery
 n - the cursed ring of the Wild Blue Yonder (left hand) {Str+6, Self, Evo}
   (You found it on level 3 of the Dungeon)

   [ring of strength]

   Str:       It affects your strength (+6).
   It has a curse which improves the following skills: Introspection: Fighting
   and Spellcasting.
   Evocations: Evocations.
 v - the cursed ring of Ashenzari's Blue Moon (right hand) {Wiz, Evo, Comp}
   (You found it on level 5 of the Dungeon)

   [ring of wizardry]

   It improves your spell success rate.
   It has a curse which improves the following skills: Evocations: Evocations.
   Companions: Summonings and Necromancy.
 B - a +4 ring of evasion
Wands
 i - a wand of digging (2)
 t - a wand of iceblast (8)
 z - a wand of mindburst (13)
Scrolls
 b - a scroll of torment
 e - 4 scrolls of teleportation
 f - a scroll of silence
 g - 2 scrolls of enchant armour
 j - a scroll of fog
 o - 2 scrolls of blinking
 p - 6 scrolls of immolation
 q - a scroll of magic mapping
 u - 4 scrolls of identify
 w - a scroll of vulnerability
 x - 3 scrolls of amnesia


   Skills:
 - Level 3.0(3.7) Fighting
 + Level 10.9 Axes
 - Level 2.4 Armour
 - Level 2.4 Shields
 - Level 1.4(2.4) Evocations


You had 8 spell levels left.
You didn't know any spells.
Your spell library contained the following spells:

 Spells                   Type           Power      Damage    Failure   Level
 Summon Lightning Spire   Summ/Air       0%         N/A       100%        4
 Freezing Cloud           Conj/Ice/Air   0%         6-21      100%        5
 Silence                  Hex/Air        0%         N/A       100%        5
 Conjure Ball Lightning   Conj/Air       0%         3x3d6     100%        6
 Simulacrum               Ice/Necr       0%         N/A       100%        6
 Polar Vortex             Ice            0%         N/A       100%        9


Dungeon Overview and Level Annotations

Branches:
Dungeon (7/15)             Temple (1/1) D:4         Ossuary (visited)

Altars:
Ashenzari
Cheibriados
Dithmenos
Elyvilon
Kikubaaqudgha
Makhleb
Nemelex Xobeh
Qazlal
Ru
Uskayaw
Vehumet
Xom
Zin
The Shining One

Shops:
D:4 [

Annotations:
D:3 1 runed translucent door, Crazy Yiuf
D:4 Eustachio, Sigmund


Innate Abilities, Weirdness & Mutations

You are immune to poison.
Your flesh is cold resistant. (rC+)
You are immune to negative energy. (rN+++)
You are immune to unholy pain and torment.
You are vulnerable to heat. (rF-)
You are in touch with the powers of death.
You do not drink.


Message History

The steam dragon claws you.
You closely miss the steam dragon. The steam dragon breathes steam at you.
The ball of steam hits you! The steam scalds you terribly!
The steam dragon bites you! The steam dragon closely misses you.
You closely miss the steam dragon. You block the steam dragon's attack.
The steam dragon barely misses you.
You hit the steam dragon but do no damage.
The steam dragon bites you but does no damage.
The steam dragon closely misses you.
You slash the steam dragon!
The steam dragon is moderately wounded.
The steam dragon bites you but does no damage.
The steam dragon claws you but does no damage.
You closely miss the steam dragon.
The steam dragon is moderately wounded.
The steam dragon breathes steam at you. The ball of steam hits you.
The steam scalds you terribly!
You slash the steam dragon!
The steam dragon is severely wounded.
You are engulfed in a cloud of scalding steam.
The steam dragon bites you.
The steam dragon claws you but does no damage.
You closely miss the steam dragon.
The steam dragon is severely wounded.
You are engulfed in a cloud of scalding steam.
The steam dragon closely misses you.
The steam dragon claws you but does no damage.
You closely miss the steam dragon.
The steam dragon is severely wounded.
You are engulfed in a cloud of scalding steam.
The steam dragon bites you but does no damage.
You block the steam dragon's attack.
You closely miss the steam dragon.
The steam dragon is severely wounded.
You are engulfed in a cloud of scalding steam.
The steam dragon bites you. The steam dragon claws you.
The steam dragon breathes steam at you. The ball of steam hits you!!
The steam scalds you terribly!
You die...

.##### #....## ###
#....# ##### #.#####
#...#####.....###..##..
#....##<.# ##..#..#.
##....D.### ##......##
#.....§§## #.......##
#..........@.#
#.........
##..#....###.#
#......... ##..#..## .#
##........ ....## #.
##......... #....#
#.####.....#.... #.....
###...#.....###...
###..# ............#
#... .#.........###...
##.........##...


You could see a steam dragon (catching breath).

Vanquished Creatures
  Pikel (D:6)
  A wyvern (D:5)
  2 sky beasts
  A black bear (D:5)
  An orc warrior (D:6)
  5 centaurs
  An ogre (D:6)
  Blork the orc (D:4)
  A scorpion (D:5)
  6 killer bees (D:7)
  5 jellies
  A human zombie (Ossuary)
  An orc priest (D:7)
  6 hounds
  Terence (D:2)
  Natasha (D:4)
  4 orc wizards
  4 mummies (Ossuary)
  2 hound zombies (Ossuary)
  Robin (D:2)
  6 adders
  6 gnolls
  A white imp (D:7)
  An ufetubus (D:5)
  2 worm zombies (D:4)
  An adder zombie (Ossuary)
  3 worms
  3 dart slugs
  10 orcs
  6 endoplasms
  2 giant cockroaches
  9 hobgoblins
  4 jackals
  7 kobolds
  11 quokkas
  6 ball pythons
  7 bats
  8 frilled lizards
  3 gnoll zombies (Ossuary)
  18 goblins
  A goblin zombie (Ossuary)
  A jackal zombie (Ossuary)
  2 kobold zombies (Ossuary)
  An orc zombie (Ossuary)
  8 rats
173 creatures vanquished.

Notes
Turn   | Place    | Note
-------+----------+-------------------------------------------
     0 | D:1      | Aelig the Mummy Fighter began the quest for the Orb.
     0 | D:1      | Reached XP level 1. HP: 18/18 MP: 1/1
   102 | D:1      | Reached skill level 2 in Axes
   123 | D:1      | Reached XP level 2. HP: 24/24 MP: 2/2
   400 | D:1      | Gained mutation: You are in touch with the powers of death.
                  | [Mummy growth]
   400 | D:1      | Reached XP level 3. HP: 27/29 MP: 3/3
   719 | D:2      | Reached skill level 3 in Axes
   897 | D:2      | Reached XP level 4. HP: 30/35 MP: 4/4
  1013 | D:2      | Found a faded altar of an unknown god.
  1419 | D:2      | Noticed Robin
  1427 | D:2      | Killed Robin
  1714 | D:2      | Reached skill level 4 in Axes
  1789 | D:2      | Noticed Terence
  1802 | D:2      | Killed Terence
  1999 | D:2      | Reached XP level 5. HP: 41/41 MP: 5/5
  2886 | D:4      | Found a staircase to the Ecumenical Temple.
  2906 | Temple   | Entered the Ecumenical Temple
  2939 | Temple   | Became a worshipper of Ashenzari the Shackled
  2969 | D:4      | Noticed Sigmund
  3059 | D:4      | Found Paucisch's Armour Shop.
  3092 | D:4      | Found a sand-covered staircase.
  3105 | Ossuary  | Entered an ossuary
  3120 | Ossuary  | Reached skill level 5 in Axes
  3351 | Ossuary  | Reached XP level 6. HP: 27/47 MP: 6/6
  3612 | Ossuary  | Identified 2 scrolls of acquirement
  3767 | D:4      | Acquired 893 gold pieces
  3769 | D:4      | Acquired the +1 pair of boots "Suheton" {rC+}
  3791 | D:4      | Noticed Blork the orc
  3825 | D:4      | Killed Blork the orc
  3985 | D:4      | Reached skill level 6 in Axes
  4239 | D:4      | Bought a +2 cloak of poison resistance for 203 gold pieces
  4239 | D:4      | Bought a +0 pair of gloves for 49 gold pieces
  4328 | D:4      | Noticed Eustachio
  4363 | D:4      | Noticed Natasha
  4378 | D:4      | Killed Natasha
  5021 | D:3      | Found a runed translucent door.
  5022 | D:3      | Noticed Crazy Yiuf
  5371 | D:5      | Entered Level 5 of the Dungeon
  5382 | D:5      | Noticed a sky beast
  5411 | D:5      | Killed a sky beast
  5412 | D:5      | Reached XP level 7. HP: 29/52 MP: 7/7
  5625 | D:5      | Reached skill level 7 in Axes
  5843 | D:5      | Reached * piety under Ashenzari
  5879 | D:5      | Reached skill level 1 in Evocations
  5921 | D:5      | Noticed a wyvern
  6257 | D:5      | Killed a wyvern
  6258 | D:5      | Reached XP level 8. HP: 33/60 MP: 8/8
  6596 | D:5      | Reached skill level 8 in Axes
  7229 | D:6      | Reached skill level 9 in Axes
  7658 | D:6      | Noticed Pikel
  7678 | D:6      | Killed Pikel
  7679 | D:6      | Reached skill level 10 in Axes
  7679 | D:6      | Reached XP level 9. HP: 53/63 MP: 9/9
  8439 | D:7      | Got the Reference Book on Lightness
  9430 | D:7      | Noticed a boulder beetle
  9903 | D:7      | Killed from afar by a steam dragon

Illustrated notes

Levels and vault maps discovered:
D:1:      beargit_arrival_diablo_church, layout_basic, minmay_tetromino_s4
D:2:      minmay_recursive_quarters, layout_basic, basic_altar,
          chequers_ecumenical_altar_grove, nicolae_elevator_lobby_plus,
          uniq_robin, uniq_terence
D:3:      layout_loops_ring, uniq_crazy_yiuf_cottage
D:4:      layout_loops_cross, minmay_temple_entry_statues_pillars, serial_shops,
          nicolae_shop_statue_plus, enter_ossuary_3, uniq_eustachio,
          uniq_natasha, uniq_blork_the_orc, uniq_sigmund
D:5:      layout_loops_ring
D:6:      layout_basic, portal_sewer_entry_f, uniq_pikel
D:7:      layout_layer_cave
Temple:   nicolae_temple_the_god_donut

Skill      XL: |  1  2  3  4  5  6  7  8 |
---------------+-------------------------+-----
Axes           | 2 3 4 5 6 7 10 | 10.9
Evocations     | 1 |  1.4
Fighting       | |  3.0
Armour         | |  2.4
Shields        | |  2.4

Action                   |  1- 3 |  4- 6 |  7- 9 || total
-------------------------+-------+-------+-------++-------
Melee: War axe           |   103 |   249 |   260 ||   612
Invok: Curse Item        |       |       |     3 ||     3
       Shatter the Chain |       |       |     1 ||     1
  Use: Scroll            |       |     9 |     5 ||    14
Armor: Scale mail        |    31 |       |       ||    31
       Chain mail        |    17 |   158 |    75 ||   250
       Plate armour      |       |       |   152 ||   152
Dodge: Dodged            |    71 |    97 |   127 ||   295
Block: Buckler           |    21 |    45 |    57 ||   123

Table legend: (Time is in decaauts)
 A = Elapsed time spent in this place.
 B = Non-inter-level travel time spent in this place.
 C = Inter-level travel time spent in this place.
 D = Time resting spent in this place.
 E = Time spent auto-exploring this place.
 F = Levels seen in this place.
 G = Mean time per level.
                   A        B        C        D        E       F      G
               +--------+--------+--------+--------+--------+-----+--------+
         Total |  10058 |   9770 |    288 |   2902 |   4616 |   9 | 1117.6 |
       Dungeon |   9391 |   9125 |    266 |   2483 |   4602 |   7 | 1341.6 |
        Temple |     57 |     35 |     22 |      0 |     14 |   1 |   57.0 |
       Ossuary |    610 |    610 |      0 |    419 |      0 |   1 |  610.0 |
               +--------+--------+--------+--------+--------+-----+--------+

Top non-repeatable levels by time:
     D:6: 1883 daAuts
     D:5: 1772 daAuts
     D:2: 1603 daAuts
     D:4: 1450 daAuts
     D:3: 1021 daAuts
     D:7: 920 daAuts
     D:1: 739 daAuts
 Ossuary: 610 daAuts
  Temple: 57 daAuts
